[Event "XXX Roquetas de Mar Open 2019"]
[Site "Roquetas de Mar"]
[Date "2019.01.05"]
[Round "6"]
[White "Nasuta, Grzegorz"]
[Black "Medarde Santiago, Luis Marcos"]
[Result "1-0"]
[ECO "B40"]
[WhiteElo "2534"]
[BlackElo "2374"]
[Annotator "ChessBase"]
[PlyCount "115"]
[EventDate "2019.01.02"]
[EventType "swiss"]
[EventCountry "ESP"]
[SourceTitle "playchess.com"]
[Source "ChessBase"]
[SourceQuality "1"]
[TimeControl "5400+30"]

1. e4 c5 2. Nf3 e6 3. b3 b6 4. Bd3 Bb7 5. O-O Nc6 6. Re1 Nf6 7. e5 Ng4 8. h3 Nh6 9. Bb2 Be7 10. Qe2 Nb4 11. Be4 Bxe4 12. Qxe4 Nf5 13. Na3 O-O 14. d4 cxd4 15. Nxd4 Nxd4 16. Qxd4 Rc8 17. c3 Nc6 18. Qe4 f6 19. exf6 Rxf6 20. c4 Bc5 21. Re2 Rf7 22. Nc2 Qg5 23. Rf1 Rcf8 24. Bc1 Qh5 25. Qg4 Qxg4 26. hxg4 Nd4 27. Nxd4 Bxd4 28. Be3 Bxe3 29. Rxe3 Rf4 30. Rd3 R8f7 31. f3 Kf8 32. Rfd1 Ke8 33. Kh2 h5 34. Kg3 hxg4 35. Rxd7 Rxd7 36. Rxd7 Rxf3+ 37. gxf3 Kxd7 38. fxg4 Kd6 39. Kf4 a5 40. g5 g6 41. a3 Kc5 42. Ke5 a4 43. bxa4 Kxc4 44. Kxe6 Kb3 45. Kf6 Kxa4 46. Kxg6 b5 47. Kf5 Kxa3 48. g6 b4 49. g7 b3 50. g8=Q b2 51. Qa8+ Kb3 52. Qb7+ Kc2 53. Qc6+ Kd1 54. Qb5 Kc2 55. Qc4+ Kd1 56. Qb3+ Kc1 57. Qc3+ Kb1 58. Ke4 1-0

[Event "XXX Roquetas de Mar Open 2019"]
[Site "Roquetas de Mar"]
[Date "2019.01.05"]
[Round "6"]
[White "Dardha, Daniel"]
[Black "Del Rio De Angelis, Salvador G."]
[Result "1/2-1/2"]
[ECO "A04"]
[WhiteElo "2337"]
[BlackElo "2501"]
[Annotator "ChessBase"]
[PlyCount "49"]
[EventDate "2019.01.02"]
[EventType "swiss"]
[EventCountry "ESP"]
[SourceTitle "playchess.com"]
[Source "ChessBase"]
[SourceQuality "1"]
[TimeControl "5400+30"]

1. Nf3 d6 2. d4 Nf6 3. Bf4 Nbd7 4. e3 Nh5 5. Bg5 h6 6. Bh4 g5 7. Nfd2 Ndf6 8. Be2 gxh4 9. Bxh5 Nxh5 10. Qxh5 Rg8 11. Nc3 Rxg2 12. O-O-O Qd7 13. Rdg1 Qg4 14. Qxg4 Rxg4 15. Nd5 Kd8 16. Rxg4 Bxg4 17. Rg1 Bf5 18. Rg8 Kd7 19. e4 Bh7 20. Rh8 Bg6 21. Nf4 Re8 22. Rg8 Bh7 23. Rh8 Bg6 24. Rg8 Bh7 25. Rh8 1/2-1/2

[Event "XXX Roquetas de Mar Open 2019"]
[Site "Roquetas de Mar"]
[Date "2019.01.05"]
[Round "6"]
[White "MARTIN CARMONA, Gaston Manuel"]
[Black "Sosa, Tomas"]
[Result "0-1"]
[ECO "A00"]
[WhiteElo "2329"]
[BlackElo "2499"]
[Annotator "ChessBase"]
[PlyCount "66"]
[EventDate "2019.01.02"]
[EventType "swiss"]
[EventCountry "ESP"]
[SourceTitle "playchess.com"]
[Source "ChessBase"]
[SourceQuality "1"]
[TimeControl "5400+30"]

1. g3 d5 2. c4 d4 3. Bg2 e5 4. e3 Nc6 5. Ne2 Nb4 6. Na3 Nd3+ 7. Kf1 Qf6 8. f4 exf4 9. exf4 Bxa3 10. Qa4+ c6 11. Qxa3 Bf5 12. b4 Nh6 13. Bb2 Rd8 14. h3 O-O 15. Bf3 Rfe8 16. Rh2 Qe6 17. c5 Bxh3+ 18. Kg1 Nxb2 19. Qxb2 d3 20. Nc3 Qe1+ 21. Rxe1 Rxe1+ 22. Kf2 Rf1+ 23. Ke3 Nf5+ 24. Ke4 Nxg3+ 25. Ke3 Nf5+ 26. Ke4 Rd4+ 27. Ke5 Re1+ 28. Ne2 Rxe2+ 29. Bxe2 f6+ 30. Ke6 dxe2 31. Qb1 Rxb4 32. Qxb4 e1=Q+ 33. Kd7 Qe7+ 0-1

[Event "XXX Roquetas de Mar Open 2019"]
[Site "Roquetas de Mar"]
[Date "2019.01.05"]
[Round "6"]
[White "Garcia Martin, Marta"]
[Black "Frolyanov, Dmitry"]
[Result "0-1"]
[ECO "B31"]
[WhiteElo "2296"]
[BlackElo "2517"]
[Annotator "ChessBase"]
[PlyCount "76"]
[EventDate "2019.01.02"]
[EventType "swiss"]
[EventCountry "ESP"]
[SourceTitle "playchess.com"]
[Source "ChessBase"]
[SourceQuality "1"]
[TimeControl "5400+30"]

1. e4 c5 2. Nf3 Nc6 3. Bb5 g6 4. O-O Bg7 5. Re1 e5 6. Bxc6 dxc6 7. d3 Qc7 8. Be3 b6 9. h3 Nf6 10. Qd2 O-O 11. Bh6 Re8 12. Bxg7 Kxg7 13. a3 a5 14. Qc3 Nd7 15. Nbd2 a4 16. b3 axb3 17. cxb3 Ba6 18. b4 cxb4 19. axb4 c5 20. bxc5 Qxc5 21. Rec1 Qd6 22. Nc4 Bxc4 23. Qxc4 Nc5 24. Rxa8 Rxa8 25. Nxe5 Qxe5 26. d4 Qxe4 27. dxc5 Qxc4 28. Rxc4 Rc8 29. c6 Rc7 30. h4 Kf6 31. Kf1 Ke6 32. Ke2 Kd5 33. Rf4 Kxc6 34. Kd3 Kb5 35. h5 Ka5 36. h6 b5 37. Re4 b4 38. Re8 b3 0-1

[Event "XXX Roquetas de Mar Open 2019"]
[Site "Roquetas de Mar"]
[Date "2019.01.05"]
[Round "6"]
[White "Sanchez Jerez, Emilio Miguel"]
[Black "Nguyen, Piotr"]
[Result "0-1"]
[ECO "B24"]
[WhiteElo "2183"]
[BlackElo "2403"]
[Annotator "NA"]
[PlyCount "70"]
[EventDate "2019.01.02"]
[EventType "swiss"]
[EventCountry "ESP"]
[SourceTitle "playchess.com"]
[Source "ChessBase"]
[SourceQuality "1"]
[TimeControl "5400+30"]

1. e4 c5 2. Nc3 Nc6 3. Bb5 Nd4 4. Nf3 g6 5. Bc4 d6 6. Nxd4 cxd4 7. Ne2 Bg7 8. d3 e6 9. O-O Ne7 10. c3 dxc3 11. bxc3 O-O 12. Bb3 b6 13. Bg5 h6 14. Be3 Kh7 15. f4 Bd7 16. g4 f5 17. gxf5 gxf5 18. Nd4 Qc8 19. Rc1 Rf6 20. h3 fxe4 21. dxe4 e5 22. f5 exd4 23. cxd4 Qb7 24. d5 Ng8 25. Rf4 Re8 26. Qf3 Rc8 27. Rf1 Rc3 28. Qf2 Rf7 29. Rh4 Bb5 30. Re1 Qe7 31. Rg4 Nf6 32. Rg6 Nxe4 33. Qg2 Rxf5 34. Re6 Qh4 35. Qg6+ Kg8 0-1